 Dungeon Crawl Stone Soup version 0.30-a0-5-g3a90980b9d (webtiles) character file.

Game seed: 8896503626881499444

316 BritishOli the Trooper (level 6, -9/50 HPs)
             Began as a Demonspawn Fighter on Aug 22, 2022.
             Mangled by an ogre
             ... wielding a +0 giant spiked club
              (27 damage)
             ... on level 5 of the Dungeon.
             The game lasted 00:08:04 (4053 turns).

BritishOli the Trooper (Demonspawn Fighter)         Turns: 4053, Time: 00:08:05

Health: -9/50      AC: 11    Str: 24    XL:     6   Next: 20%
Magic:  6/6        EV:  6    Int:  9    God:
Gold:   238        SH:  8    Dex:  8    Spells: 5/5 levels left

rFire   + . .      SeeInvis .    a - +0 long sword
rCold   x . .      Faith    .    c - +0 buckler
rNeg    + + +      Spirit   .    e - +0 plate armour
rPois   +          Reflect  .    (helmet restricted)
rElec   .          Harm     .    (no cloak)
rCorr   .          Rampage  .    (no gloves)
Will    .....                    (no boots)
Stlth   ..........               (no amulet)
HPRegen 0.16/turn                f - ring of protection from fire
MPRegen 0.10/turn                l - ring "Kewniran" {rPois rC- rN+++ Str+6 Dex-5}

@: no status effects
A: antennae 2, large bone plates 1, powered by death 1
a: no special abilities


You were on level 5 of the Dungeon.
You visited 1 branch of the dungeon, and saw 5 of its levels.

You collected 238 gold pieces.

Inventory:

Hand Weapons
 a - a +0 long sword (weapon)
Armour
 c - a +0 buckler (worn)
 e - a +0 plate armour (worn)
Jewellery
 b - a +6 ring of intelligence
 f - a ring of protection from fire (left hand)
 l - the ring "Kewniran" (right hand) {rPois rC- rN+++ Str+6 Dex-5}
   (You found it on level 2 of the Dungeon)

   [ring of strength]

   Str:       It affects your strength (+6).
   Dex:       It affects your dexterity (-5).
   rC:        It makes you vulnerable to cold.
   rPois:     It protects you from poison.
   rN:        It renders you almost immune to negative energy.
 u - a ring of wizardry
 x - a ring of willpower
Wands
 w - a wand of acid (2)
Scrolls
 g - 2 scrolls of brand weapon {unknown}
 h - a scroll of noise {unknown}
 i - 5 scrolls of identify {unknown}
 k - a scroll of teleportation {unknown}
 n - a scroll of enchant armour {unknown}
 q - a scroll of fog {unknown}
 y - a scroll of magic mapping {unknown}
Potions
 d - a potion of might
 j - a potion of invisibility
 m - 3 potions of brilliance {unknown}
 o - 2 potions of heal wounds {unknown}
 p - a potion of magic {unknown}
 r - a potion of lignification {unknown}
 s - 3 potions of mutation {unknown}
 t - 2 potions of curing {unknown}
 v - a potion of cancellation {unknown}


   Skills:
 + Level 4.9 Fighting
 + Level 4.0 Long Blades
 - Level 3.2 Armour
 - Level 3.2 Shields


You had 5 spell levels left.
You didn't know any spells.
Your spell library contained the following spells:

 Spells                   Type           Power      Damage    Failure   Level
 Slow                     Hex            0%         N/A       100%        1
 Ensorcelled Hibernation  Hex/Ice        0%         N/A       100%        2
 Confusing Touch          Hex            0%         N/A       100%        3
 Spider Form              Tmut/Pois      0%         N/A       100%        3
 Vampiric Draining        Necr           0%         2d6       100%        3
 Anguish                  Hex/Necr       0%         N/A       100%        4


Dungeon Overview and Level Annotations

Branches:
Dungeon (5/15)
 Temple: D:4-7

Altars:
Ashenzari
Cheibriados


Innate Abilities, Weirdness & Mutations

You have a pair of antennae on your head.
You are partially covered in large bone plates. (SH +4)
You regenerate a little health from kills.


Message History

You feel very sick. The scorpion barely misses you.
You barely miss the scorpion.
The scorpion is severely wounded.
You feel sick. You block the scorpion's attack.
The scorpion stings you but does no damage.
You barely miss the scorpion.
The scorpion is severely wounded.
You feel sick.
The scorpion stings you but does no damage.
You hit the scorpion.
You kill the scorpion!
You feel sick.
Your Long Blades skill increases to level 4!
You have reached level 6!
Your demonic ancestry asserts itself...
The antennae on your head grow some more.
You start resting.
You feel sick. x4
You are no longer poisoned.
You start resting.
An ogre comes into view. It is wielding a +0 giant spiked club.
The ogre shouts!
Aiming: Corrosive Bolt
Press: ? - help, Shift-Dir - straight line, f - ogre
Aim: an ogre, wielding a +0 giant spiked club (86% to hit)
The bolt of acid hits the ogre!
The acid corrodes the ogre!
The ogre is moderately wounded.
You barely miss the ogre.
The ogre is moderately wounded.
An ogre comes into view. It is wielding a +0 giant club.
You block the ogre's attack.
The ogre shouts!
You hit the ogre.
The ogre is moderately wounded.
The ogre hits you with a +0 giant spiked club!!
Okay, then.
The ogre attacks as you move away!
The ogre hits you with a +0 giant spiked club!!
Ouch! That really hurt!
You die...

###.#.## #..###.######
#'#####.....####
#.....+.....<... #
#.###.#.#############.#
#.# #.#.# .......
###.###.#.# .......
#.+.....#.########.......
#.#####'##.##..@O...O....
#.....#.#.###.####.!..?..
######...## #.# .......
#<.## #.# .......
#####..#####.# ###....
#...รท......#.# .###
#.#.##.###.#.####### #
#.#.##.# #.#.......#.#.
#.#.##)# #.####.#......


You could see 2 ogres.

Vanquished Creatures
  A scorpion (D:5)
  A howler monkey (D:4)
  A jelly (D:5)
  A hound (D:4)
  5 adders
  An ufetubus (D:4)
  A worm (D:2)
  3 dart slugs
  11 orcs
  7 endoplasms
  A giant cockroach (D:1)
  15 goblins
  10 hobgoblins
  5 jackals
  2 quokkas
  6 ball pythons
  A bat (D:1)
  3 frilled lizards
  5 kobolds
  4 rats
84 creatures vanquished.

Notes
Turn   | Place    | Note
-------+----------+-------------------------------------------
     0 | D:1      | BritishOli the Demonspawn Fighter began the quest for the
                  | Orb.
     0 | D:1      | Reached XP level 1. HP: 18/18 MP: 1/1
   257 | D:1      | Gained mutation: You regenerate a little health from kills.
                  | [demonic ancestry]
   257 | D:1      | Reached XP level 2. HP: 18/24 MP: 2/2
   664 | D:2      | Identified the ring "Kewniran" {rPois rC- rN+++ Str+6
                  | Dex-5}
   741 | D:2      | Gained mutation: You have a pair of small antennae on your
                  | head. [demonic ancestry]
   741 | D:2      | Reached XP level 3. HP: 15/29 MP: 3/3
  1018 | D:2      | Found a faded altar of an unknown god.
  1404 | D:2      | Gained mutation: You are partially covered in large bone
                  | plates. (SH +4) [demonic ancestry]
  1404 | D:2      | Reached XP level 4. HP: 35/35 MP: 4/4
  1719 | D:3      | Found a broken altar of Ashenzari.
  2044 | D:3      | Found a snail-covered altar of Cheibriados.
  3101 | D:4      | Reached XP level 5. HP: 42/42 MP: 5/5
  3606 | D:5      | Entered Level 5 of the Dungeon
  3992 | D:5      | Gained mutation: You have a pair of antennae on your head.
                  | [demonic ancestry]
  3992 | D:5      | Reached XP level 6. HP: 31/50 MP: 6/6
  4053 | D:5      | Mangled by an ogre

Illustrated notes

Levels and vault maps discovered:
D:1:      dpeg_arrival_tiny_i, layout_basic
D:2:      layout_basic, hellmonk_ecumenical_altar_heavens_door,
          minmay_crystal_room, minmay_small_reverse_x
D:3:      layout_basic, overflow_temple_1_default,
          ashenzari_conservatory_becter, grunt_decor_clamped,
          grunt_ministairs_2, minmay_misc_feat_cross
D:4:      layout_cave_pods, mainiacjoe_overflow_alcove_4
D:5:      lemuel_insect_pit, layout_loops_ring, minmay_misc_feat_encased

Skill      XL: |  1  2  3  4  5 |
---------------+----------------+-----
Long Blades    | 2 3 4 |  4.0
Shields        | 3 |  3.2
Armour         | 3 |  3.2
Fighting       | 4 |  4.9

Action                   |  1- 3 |  4- 6 || total
-------------------------+-------+-------++-------
Melee: Long sword        |   114 |   251 ||   365
Evoke: Wand              |       |     2 ||     2
Armor: Plate armour      |    91 |   158 ||   249
       Scale mail        |     1 |       ||     1
Dodge: Dodged            |    28 |    69 ||    97
Block: Buckler           |    36 |   120 ||   156

Table legend: (Time is in decaauts)
 A = Elapsed time spent in this place.
 B = Non-inter-level travel time spent in this place.
 C = Inter-level travel time spent in this place.
 D = Time resting spent in this place.
 E = Time spent auto-exploring this place.
 F = Levels seen in this place.
 G = Mean time per level.
                   A        B        C        D        E       F      G
               +--------+--------+--------+--------+--------+-----+--------+
         Total |   4168 |   4093 |     75 |    573 |   2729 |   5 |  833.6 |
       Dungeon |   4168 |   4093 |     75 |    573 |   2729 |   5 |  833.6 |
               +--------+--------+--------+--------+--------+-----+--------+

Top non-repeatable levels by time:
     D:3: 1236 daAuts
     D:4: 1140 daAuts
     D:2: 824 daAuts
     D:1: 627 daAuts
     D:5: 339 daAuts
